AoeStats
← Blyad _Mann

Black Forest

509174213Analyzed
4v4 RM · 6d ago on Sep 25, 2026· 94m 50s· 8 players
Game mode
Random Map
Map size
Large (8 player)
Population
200
Speed
Normal
Resources
Standard
Victory
Conquest
Starting age
Dark Age
Ending age
Imperial Age
RankedLock teamsTeams togetherTeam positionsShared explorationLock speedFull tech treeHidden civsTurbo modeCheats
Victory
Defeat
🇩🇪 Britons · Germany
951
+17
🇦🇺 Turks · Australia
940
+14
🇮🇳 Franks · India
936
+14
🇨🇱 Mapuche · Chile
837
+18
🇳🇱 Danes · Netherlands
937
-17
🇬🇧 Japanese · United Kingdom
897
-15
🇬🇧 Spanish · United Kingdom
870
-14
🇪🇸 Ethiopians · Spain
858
-13
Louis Theroux
7:58 Loom
11:25 Feudal Age
16:05 Castle Age
14:18 Double-Bit Axe
19:15 Horse Collar
25:43 Wheelbarrow
24:54 Town Watch
25:54 Caravan
27:43 Bow Saw
27:34 Heavy Plow
28:06 Gold Mining
28:11 Stone Mining
32:28 Imperial Age
30:04 Fishing Lines
31:44 Hand Cart
34:19 Fletching
34:29 Padded Archer Armor
34:40 Forging
34:30 Scale Mail Armor
34:36 Scale Barding Armor
35:00 Bodkin Arrow
35:35 Husbandry
35:46 Bloodlines
34:56 Light Cavalry
34:59 Elite Skirmisher
35:45 Thumb Ring
36:10 Leather Archer Armor
36:31 Iron Casting
36:11 Chain Mail Armor
35:38 Cavalier
37:32 Two-Man Saw
37:16 Stone Shaft Mining
37:58 Chemistry
37:18 Ballistics
37:09 Fortified Wall
36:54 Murder Holes
37:04 Bracer
37:25 Chain Barding Armor
36:37 Onager
38:45 Ring Archer Armor
39:15 Blast Furnace
39:07 Conscription
38:08 Elite Conquistador
39:08 Supremacy
39:37 Plate Mail Armor
40:43 Hussar
41:55 Pikeman
42:36 Squires
42:21 Gambesons
42:22 Arson
43:20 Halberdier
46:01 Plate Barding Armor
50:39 Paladin
61:33 Hoardings
61:14 Masonry
69:39 Town Patrol
Blyad _Mann
0:28 Loom
13:04 Feudal Age
14:50 Gold Mining
14:45 Double-Bit Axe
15:50 Horse Collar
15:54 Fishing Lines
21:21 Castle Age
21:12 Stone Mining
22:01 Gillnets
24:36 Wheelbarrow
24:47 Stone Shaft Mining
24:49 Gold Shaft Mining
24:08 Fletching
24:19 Padded Archer Armor
24:32 Forging
24:22 Scale Mail Armor
25:20 Bodkin Arrow
26:16 Heavy Plow
26:27 Caravan
27:18 Leather Archer Armor
28:00 Bow Saw
28:30 Hand Cart
28:34 Forging
28:24 Scale Mail Armor
33:23 Imperial Age
31:48 Scale Mail Armor
31:58 Forging
31:38 Gambesons
31:53 Squires
31:39 Arson
31:15 Man-at-Arms
33:14 Thumb Ring
32:33 Elite Skirmisher
33:07 Hamask
34:24 Iron Casting
34:04 Chain Mail Armor
34:49 Conscription
34:05 Elite Varangian Guard
35:24 Bracer
36:47 Ring Archer Armor
38:45 Blast Furnace
38:15 Plate Mail Armor
38:27 Elite Jomsviking
38:43 Northmen's Fury
41:44 Siege Engineers
41:09 Onager
43:37 Town Watch
43:15 Siege Onager
43:19 Heavy Scorpion
aitorpevi
0:26 Loom
12:25 Feudal Age
18:10 Castle Age
16:37 Double-Bit Axe
16:48 Gold Mining
18:40 Forging
18:36 Scale Barding Armor
22:05 Bow Saw
24:36 Stone Mining
25:23 Gold Shaft Mining
27:44 Horse Collar
28:09 Town Watch
29:52 Fishing Lines
31:10 Wheelbarrow
31:10 Gillnets
34:58 Imperial Age
34:56 Husbandry
35:17 Murder Holes
36:05 Siege Engineers
37:02 Chemistry
36:23 Ballistics
37:16 Conscription
37:38 Hand Cart
37:24 Town Patrol
37:43 Royal Heirs
38:56 Torsion Engines
39:30 Guilds
38:56 Onager
40:04 Heavy Plow
40:43 Heavy Camel Rider
42:13 Siege Onager
45:29 Chain Barding Armor
45:45 Iron Casting
54:44 Blast Furnace
53:34 Fletching
57:58 Capped Ram
60:00 Siege Ram
63:24 Bodkin Arrow
63:32 Scale Mail Armor
64:23 Bracer
65:46 Squires
65:07 Halberdier
67:23 Chain Mail Armor
81:25 Thumb Ring
80:41 Crossbowman
81:29 Arbalester
89:44 Elite Skirmisher
Paul Chuckle
0:29 Loom
10:38 Feudal Age
11:13 Horse Collar
11:23 Double-Bit Axe
21:14 Castle Age
20:32 Stone Mining
20:36 Gold Mining
21:15 Fletching
21:36 Forging
22:14 Wheelbarrow
21:26 Town Watch
28:45 Bow Saw
33:55 Imperial Age
33:00 Hand Cart
32:29 Treadmill Crane
32:41 Guard Tower
33:04 Fortified Wall
32:49 Guard Tower
32:22 Pikeman
33:46 Caravan
35:09 Gold Shaft Mining
34:52 Squires
35:20 Parthian Tactics
36:12 Two-Man Saw
36:13 Kataparuto
35:29 Capped Ram
36:55 Masonry
36:52 Bodkin Arrow
36:59 Padded Archer Armor
36:51 Elite Skirmisher
37:50 Murder Holes
38:53 Heavy Cavalry Archer
40:03 Conscription
41:11 Yasama
41:16 Halberdier
43:34 Keep
43:20 Ballistics
43:48 Forging
45:55 Onager
47:08 Arrowslits
48:26 Chemistry
52:04 Town Patrol
52:10 Bracer
52:45 Iron Casting
52:26 Leather Archer Armor
52:12 Scale Mail Armor
52:17 Scale Barding Armor
54:44 Arson
57:04 Elite Samurai
58:20 Hoardings
66:57 Ring Archer Armor
67:27 Blast Furnace
66:44 Chain Mail Armor
66:35 Scale Barding Armor
72:55 Plate Mail Armor
72:45 Chain Barding Armor
swa-lmhwra
13:34 Feudal Age
18:48 Castle Age
17:36 Double-Bit Axe
20:07 Bow Saw
21:14 Wheelbarrow
26:35 Hand Cart
26:26 Gold Mining
26:34 Stone Mining
28:10 Gold Shaft Mining
32:31 Imperial Age
31:09 Forging
30:59 Scale Mail Armor
31:42 Husbandry
31:44 Padded Archer Armor
31:50 Scale Barding Armor
32:42 Iron Casting
33:13 Chain Mail Armor
32:50 Cavalier
34:07 Chain Barding Armor
34:20 Conscription
34:54 Paladin
36:10 Squires
36:35 Pikeman
38:48 Blast Furnace
38:21 Plate Mail Armor
38:28 Plate Barding Armor
37:38 Halberdier
43:38 Caravan
44:08 Coinage
Rido
0:26 Loom
9:47 Feudal Age
11:47 Double-Bit Axe
16:07 Castle Age
14:34 Horse Collar
18:19 Bow Saw
20:42 Wheelbarrow
20:22 Heavy Plow
20:56 Fervor
23:26 Fletching
23:42 Gold Mining
23:42 Stone Mining
24:48 Hand Cart
30:20 Imperial Age
28:07 Treadmill Crane
28:40 Masonry
28:32 Bodkin Arrow
28:38 Padded Archer Armor
29:06 Ballistics
28:55 Scale Barding Armor
30:06 Husbandry
30:16 Bloodlines
30:46 Leather Archer Armor
30:43 Forging
31:29 Gold Shaft Mining
31:45 Bracer
32:16 Ring Archer Armor
32:06 Chain Barding Armor
32:23 Parthian Tactics
32:04 Thumb Ring
33:06 Two-Man Saw
33:04 Iron Casting
33:26 Heavy Cavalry Archer
34:51 Conscription
36:08 Sipahi
36:23 Architecture
36:14 Bombard Tower
35:41 Arrowslits
35:48 Heated Shot
35:53 Murder Holes
36:09 Fortified Wall
36:05 Scale Mail Armor
36:44 Plate Barding Armor
37:03 Caravan
37:33 Coinage
37:14 Guilds
38:15 Artillery
40:05 Blast Furnace
39:44 Hoardings
38:40 Sappers
40:01 Elite Janissary
57:23 Scale Mail Armor
80:40 Heavy Camel Rider
JocKer_War2
0:32 Loom
13:38 Feudal Age
15:47 Wheelbarrow
19:26 Castle Age
17:59 Horse Collar
19:40 Stone Mining
19:41 Gold Mining
20:42 Double-Bit Axe
21:38 Bow Saw
25:19 Hand Cart
30:02 Heavy Plow
35:29 Imperial Age
33:26 Forging
32:59 Pikeman
33:40 Squires
33:26 Gambesons
33:23 Elite Skirmisher
33:24 Crossbowman
35:13 Yeomen
35:34 Iron Casting
35:00 Scale Mail Armor
34:54 Fletching
35:06 Padded Archer Armor
36:40 Gold Shaft Mining
35:36 Halberdier
36:02 Arson
36:49 Conscription
37:01 Elite Longbowman
37:47 Arbalester
38:33 Bodkin Arrow
38:56 Leather Archer Armor
40:04 Two-Man Saw
39:54 Cranequins
42:20 Caravan
44:37 Bracer
45:08 Ring Archer Armor
45:39 Blast Furnace
44:54 Chain Mail Armor
46:55 Chemistry
46:02 Warwolf
Tu odio me fortalece
0:27 Loom
13:23 Feudal Age
17:23 Fishing Lines
18:18 Double-Bit Axe
23:01 Castle Age
20:48 Horse Collar
21:55 Forging
21:46 Scale Mail Armor
22:30 Champi Runner
22:56 Arson
24:34 Bow Saw
24:27 Stone Mining
24:32 Gold Mining
24:52 Heavy Plow
26:38 Wheelbarrow
25:48 Town Watch
26:31 Gillnets
27:22 Gold Shaft Mining
26:22 Champi Warrior
27:16 Scale Mail Armor
28:31 Stone Shaft Mining
27:53 Fletching
27:58 Treadmill Crane
27:54 Pikeman
29:29 Ballistics
29:19 Masonry
29:59 Town Patrol
31:19 Hand Cart
31:29 Padded Archer Armor
32:32 Caravan
32:36 Elite Skirmisher
34:32 Murder Holes
37:59 Imperial Age
39:45 Chemistry
39:31 Conscription
39:14 Malon
40:28 Architecture
40:03 Siege Engineers
41:04 Elite Kona
41:50 Butalmapu
42:21 Hoardings
42:35 Elite Bolas Rider
43:50 Elite Champi Warrior
44:05 Capped Ram
45:42 Crop Rotation
44:43 Halberdier
49:19 Iron Casting
48:59 Chain Mail Armor
48:59 Leather Archer Armor
51:32 Bombard Tower
50:57 Arrowslits
74:38 Blast Furnace
74:08 Plate Mail Armor
74:08 Ring Archer Armor
73:34 Bodkin Arrow
Connection lost

Rejoining the realm…

Still unreachable

The connection could not be restored.

Session expired

The server has moved on; the page needs a fresh start.